Map: Alcyone LE

Players

Dark

  • Race: Zerg Zerg
  • Spawn Location: 7:00

LiquidClem (Clem) - Winner!

  • Race: Terran Terran
  • League: Grandmaster
  • Spawn Location: 1:00

VOD

Have the link to the VOD?

Description

Time

  • Played on: Oct. 30, 2023, 11 p.m.
  • Length: 12:35
Show
View Real Time Build Order
Export as new Build Order

Dark Zerg 

Build Orders: Hatch First 

Get SALT Encoding   

  12  0:00  Drone  
  13  0:12  Overlord  
  13  0:17  Drone  
  14  0:31  Drone x2  
  16  0:48  Hatchery  
  15  0:51  Drone  
  15  0:54  Drone  
  17  0:57  Drone  
  17  1:00  Extractor  
  17  1:13  Spawning Pool  
  17  1:15  Drone  
  17  1:19  Drone  
  18  1:28  Drone  
  19  1:39  Drone  
  20  1:50  Drone  
  21  1:59  Queen  
  21  2:00  Zergling x2, Queen  
  21  2:01  Zergling x2  
  27  2:02  Metabolic Boost  
  27  2:11  Zergling x2  
  27  2:12  Overlord  
  28  2:28  Hatchery  
  27  2:31  Drone  
  27  2:33  Drone  
  29  2:41  Drone  
  29  2:42  Drone  
  31  2:47  Queen  
  33  2:51  Overlord  
  33  2:56  Drone  
  33  2:57  Drone  
  35  2:58  Drone  
  36  3:11  Drone x2  
  38  3:13  Queen  
  38  3:14  Drone  
  38  3:15  Drone  
  42  3:25  Drone x2  
  44  3:30  Overlord  
  44  3:36  Overlord  
  44  3:39  Queen  
  45  3:42  Drone x3  
  45  3:46  Overlord  
  45  3:48  Queen  
  48  3:53  Drone x3  
  48  3:54  Drone  
  54  4:00  Lair  
  54  4:03  Drone x2, Extractor  
  54  4:05  Drone  
  54  4:08  Extractor  
  55  4:10  Extractor, Drone x2  
  55  4:15  Zergling x4  
  55  4:17  Zergling x2  
  59  4:21  Pneumatized Carapace  
  59  4:25  Roach Warren  
  58  4:38  Overlord  
  58  4:41  Drone  
  58  4:43  Drone, Spore Crawler  
  58  4:44  Spore Crawler  
  58  4:52  Queen  
  60  5:05  Roach x8  
  76  5:13  Overseer  
  76  5:16  Roach, Overlord  
  76  5:19  Zergling x6  
  81  5:22  Zergling x2  
  81  5:24  Overlord  
  82  5:45  Ravager x6  
  86  5:58  Ravager  
  86  6:02  Zergling x16  
  95  6:07  Zergling x2  
  96  6:13  Zergling x4  
  96  6:15  Overlord  
  98  6:20  Queen  
  98  6:24  Overseer, Overlord x2  
  97  6:27  Queen  
  97  6:28  Queen  
  97  6:32  Zergling x10  
  89  6:37  Drone x2  
  84  6:43  Drone  
  85  6:48  Drone x2  
  85  6:49  Overseer  
  87  6:54  Drone  
  87  6:56  Drone x2  
  87  6:57  Glial Reconstitution  
  90  7:07  Drone x2  
  90  7:08  Drone  
  90  7:10  Infestation Pit  
  90  7:12  Extractor, Drone  
  90  7:13  Drone x5  
  90  7:14  Drone, Extractor, Evolution Chamber  
  93  7:15  Evolution Chamber  
  93  7:16  Drone  
  93  7:17  Drone  
  93  7:22  Drone x2  
  96  7:23  Drone  
  96  7:28  Drone  
  98  7:32  Drone x2  
  100  7:39  Drone  
  100  7:43  Zerg Missile Weapons Level 1, Zerg Ground Armor Level 1  
  101  7:47  Infestor x4  
  101  7:51  Infestor, Roach  
  113  8:02  Roach x4  
  113  8:05  Overlord  
  117  8:07  Overlord  
  117  8:10  Roach  
  117  8:11  Roach  
  121  8:22  Overlord  
  108  8:27  Roach x3  
  108  8:28  Roach x3  
  108  8:29  Roach x2  
  108  8:33  Roach x2  
  125  8:39  Overlord x3  
  125  8:50  Roach x2  
  125  8:51  Overlord  
  129  8:56  Drone, Overlord  
  129  8:58  Drone x4  
  129  9:00  Drone  
  129  9:02  Drone x3  
  138  9:03  Ravager  
  138  9:04  Ravager x2  
  135  9:17  Drone  
  135  9:18  Drone x5  
  135  9:23  Drone x3  
  140  9:26  Drone x2  
  140  9:32  Hatchery  
  140  9:33  Burrow  
  133  9:46  Infestor x5  
  133  9:51  Drone x3  
  146  9:57  Spore Crawler  
  146  10:00  Drone x5  
  146  10:01  Extractor  
  146  10:03  Extractor, Overlord  
  148  10:13  Infestor  
  150  10:15  Roach x5  
  160  10:26  Roach x2  
  160  10:27  Overlord  
  164  10:33  Ravager x4  
  168  10:40  Roach x5  
  174  10:49  Overlord  
  174  10:50  Roach x3  
  174  10:54  Roach x2  
  184  11:00  Roach x2  
  178  11:07  Ravager x3  
  178  11:09  Spore Crawler  
  180  11:13  Roach x4  
  180  11:15  Roach x2  
  180  11:17  Roach  
  192  11:22  Roach  
  180  11:28  Roach x3  
  180  11:32  Roach  
  178  11:40  Roach x4  
  178  11:45  Roach  
  178  11:46  Roach  
  187  11:51  Roach x2  
  186  11:58  Roach  
  186  11:59  Roach  
Show
View Real Time Build Order
Export as new Build Order

LiquidClem Terran - Winner!

Build Orders: Reaper Expand, Hellion Banshee 

Get SALT Encoding   

  12  0:02  SCV  
  13  0:14  SCV  
  13  0:18  Supply Depot  
  14  0:26  SCV  
  15  0:39  SCV  
  15  0:41  Barracks  
  16  0:44  Refinery  
  16  0:52  SCV  
  17  1:04  SCV  
  18  1:16  SCV  
  19  1:28  Orbital Command, Reaper  
  20  1:38  Command Center  
  20  1:46  Supply Depot  
  20  1:54  SCV  
  20  2:00  Marine  
  22  2:06  SCV  
  23  2:10  Factory  
  23  2:18  SCV  
  24  2:22  Barracks Reactor  
  24  2:30  SCV  
  25  2:39  Command Center  
  25  2:42  SCV  
  26  2:50  Orbital Command  
  26  2:55  SCV  
  27  3:02  Hellion x2  
  31  3:07  SCV  
  31  3:12  Starport  
  32  3:14  Barracks Tech Lab  
  32  3:16  SCV  
  32  3:19  Refinery  
  33  3:22  SCV  
  33  3:26  Hellion  
  36  3:28  SCV  
  36  3:31  Hellion  
  40  3:34  SCV  
  40  3:40  SCV  
  41  3:42  Marine  
  41  3:46  SCV  
  43  3:51  Orbital Command  
  43  3:53  SCV  
  43  3:55  Banshee  
  47  3:56  Hellion  
  47  3:58  SCV  
  47  3:59  Hellion  
  47  4:02  Barracks Tech Lab  
  52  4:05  SCV  
  52  4:09  Cloaking Field  
  53  4:10  Supply Depot  
  53  4:13  SCV  
  54  4:17  SCV x2  
  54  4:21  Barracks  
  56  4:24  Barracks  
  56  4:26  SCV  
  56  4:28  Factory Reactor  
  56  4:29  SCV  
  56  4:30  SCV  
  59  4:34  Supply Depot  
  59  4:38  Banshee  
  59  4:40  Marine  
  59  4:41  SCV  
  59  4:43  SCV  
  65  4:46  Refinery  
  65  4:47  Refinery  
  65  4:48  SCV  
  65  4:52  Engineering Bay  
  66  4:54  SCV, Engineering Bay  
  66  4:58  Stimpack  
  68  5:00  Marine, Supply Depot  
  68  5:06  SCV, Supply Depot  
  71  5:08  Bunker  
  71  5:09  Bunker  
  71  5:12  Marine x2  
  71  5:15  SCV x2  
  71  5:18  Marine x2  
  75  5:21  Marine  
  75  5:26  Supply Depot  
  76  5:29  Marine x2  
  76  5:32  Siege Tank  
  81  5:36  Marine  
  81  5:38  Marine  
  81  5:39  Starport Reactor, Marine  
  81  5:41  Supply Depot  
  84  5:43  Terran Infantry Weapons Level 1  
  84  5:44  SCV  
  85  5:51  Marine, Supply Depot, SCV  
  85  5:55  Marine  
  88  5:58  Marine x2  
  88  5:59  Supply Depot  
  88  6:01  SCV  
  88  6:02  Marine  
  92  6:09  Siege Tank, Supply Depot, Marine  
  96  6:14  Supply Depot  
  96  6:16  Terran Infantry Armor Level 1  
  96  6:18  Medivac  
  98  6:25  Supply Depot  
  96  6:26  Marine x4  
  96  6:29  Marine  
  96  6:32  Medivac  
  99  6:37  SCV x2  
  99  6:38  Supply Depot  
  101  6:43  Combat Shield, Marine  
  101  6:44  Marine  
  101  6:45  Siege Tank  
  106  6:49  SCV, Supply Depot  
  106  6:52  Marine x2  
  106  6:53  SCV  
  110  6:54  Marine  
  110  6:56  Medivac  
  113  7:01  Marine  
  113  7:02  SCV  
  113  7:05  SCV  
  116  7:13  Barracks x2, Marine x2  
  116  7:14  SCV  
  119  7:17  Supply Depot  
  119  7:18  Marine  
  119  7:22  Siege Tank  
  123  7:27  Medivac  
  123  7:28  Medivac  
  123  7:29  Marine  
  128  7:33  Marine  
  129  7:37  Supply Depot, SCV  
  129  7:40  SCV  
  129  7:44  Marine  
  132  7:46  Supply Depot  
  132  7:49  Orbital Command, SCV  
  132  7:50  Marine x2  
  132  7:51  Marine  
  136  7:52  SCV  
  136  7:57  Medivac  
  136  7:58  Armory  
  137  8:02  Medivac  
  137  8:04  Marine  
  137  8:05  Barracks Reactor x2  
  140  8:11  SCV x2  
  142  8:15  SCV  
  142  8:17  Marine x3  
  146  8:22  Siege Tank  
  146  8:23  SCV, Marine  
  146  8:25  SCV  
  146  8:26  Marine  
  150  8:27  Medivac  
  150  8:28  SCV  
  150  8:33  Refinery x2  
  150  8:35  SCV  
  150  8:37  Factory  
  150  8:40  Supply Depot  
  151  8:47  Medivac  
  150  8:49  Marine x3  
  150  8:52  Marauder, Marine x3  
  150  8:53  Marine  
  159  8:57  Medivac  
  159  9:02  Command Center  
  161  9:11  Terran Infantry Weapons Level 2, Barracks  
  161  9:12  Barracks  
  161  9:16  Terran Infantry Armor Level 2  
  161  9:18  Marine  
  161  9:19  Marine x2  
  161  9:20  Marine  
  165  9:24  Factory Tech Lab  
  165  9:26  Siege Tank  
  165  9:30  Supply Depot x2  
  168  9:35  Ghost Academy  
  168  9:36  Barracks  
  168  9:40  Sensor Tower  
  168  9:42  Medivac  
  168  9:46  Siege Tank  
  168  9:48  Marauder  
  168  9:51  Marine, SCV x3  
  168  9:52  Marine x3  
  179  9:53  Marine  
  179  9:54  Supply Depot  
  179  9:55  Supply Depot, Marine  
  182  10:01  Barracks Tech Lab x2  
  182  10:02  Siege Tank  
  182  10:03  SCV  
  182  10:05  Supply Depot, Marine x2  
  188  10:08  Terran Vehicle Weapons Level 1  
  188  10:11  Medivac  
  186  10:16  SCV  
  186  10:19  Siege Tank  
  181  10:30  Marauder  
  181  10:31  Refinery  
  181  10:32  Refinery  
  181  10:33  Marauder, Marine  
  181  10:34  Siege Tank  
  189  10:36  SCV  
  186  10:44  Ghost, Marine x2  
  186  10:49  SCV  
  190  10:51  Ghost  
  190  10:52  Marine  
  190  10:53  Marine  
  190  10:54  SCV  
  191  11:01  Planetary Fortress  
  191  11:03  SCV  
  191  11:04  Marine, SCV  
  191  11:05  Command Center  
  191  11:07  SCV  
  191  11:11  Ghost  
  192  11:13  Ghost  
  192  11:15  SCV  
  195  11:19  Ghost  
  189  11:32  Siege Tank  
  191  11:35  Siege Tank  
  191  11:37  Marine  
  191  11:39  Ghost, Marine x2  
  192  11:40  Marine  
  192  11:46  Marauder  
  192  11:47  Marine  
  197  11:58  Marine  
  197  11:59  Marine x2  
  197  12:01  Marine, Marauder  
  188  12:02  Marine x3  
  189  12:07  Marauder  
Tags
 
Add a new tag
Caveats
  • Supply blocks, unpowered buildings, or Contaminate may cause inaccurate times.
  • Supply counts are checked every 10 seconds.